 Dungeon Crawl Stone Soup version 0.24.1-5-g77f818bfca (webtiles) character file.

Game seed: 16795001683941916842, levelgen mode: deterministic

6604 H0rd4k the Thaumaturge (level 10, -2/52 HPs)
             Began as a Deep Elf Wizard on Apr 25, 2020.
             Was an Initiate of Gozag.
             Slain by Snorg (3 damage)
             ... on level 10 of the Dungeon.
             The game lasted 00:39:01 (12315 turns).

H0rd4k the Thaumaturge (Deep Elf Wizard)           Turns: 12315, Time: 00:39:03

Health: -2/52      AC:  7    Str:  4    XL:     10   Next: 71%
Magic:  0/30       EV: 15    Int: 27    God:    Gozag
Gold:   603        SH:  0    Dex: 13    Spells: 28/37 levels left

rFire    . . .     SeeInvis .   J - staff of energy
rCold    . . .     Gourm    .   (no shield)
rNeg     + . .     Faith    .   t - +2 robe {MR+}
rPois    .         Spirit   +   r - +1 hat {MR+}
rElec    .         Reflect  .   H - +1 cloak {MR+}
rCorr    .         Harm     .   (no gloves)
MR       +++++                  (no boots)
Stlth    +++.......             l - amulet of guardian spirit
HPRegen  0.17/turn              n - ring of protection from magic
MPRegen  0.22/turn              M - ring of positive energy

@: gold aura
A: no striking features
a: Potion Petition, Call Merchant, Bribe Branch, Renounce Religion


You were on level 10 of the Dungeon.
You worshipped Gozag.
Gozag was pleased with you.
You were not hungry.

You visited 2 branches of the dungeon, and saw 11 of its levels.

You collected 977 gold pieces.
You spent 190 gold pieces at shops.
You paid 184 gold pieces to Gozag.

Inventory:

Hand Weapons
 a - a +2 dagger of speed
 v - a +0 shortbow of flaming
Missiles
 j - 37 poisoned darts (quivered)
 w - 142 arrows
 L - 3 curare-tipped darts
Armour
 r - a +1 hat of magic resistance (worn)
 t - a +2 robe of magic resistance (worn)
 B - the +2 pair of gloves of Rikluh {rC+ Str-3 Dex+5}
   (You bought it in a shop on level 6 of the Dungeon)

   It affects your strength (-3).
   It affects your dexterity (+5).
   It protects you from cold.
 D - the +1 ring mail "Daenaekh" {+Inv rC+ rN++ Dex+4}
   (You found it on level 7 of the Dungeon)

   It affects your dexterity (+4).
   It protects you from cold.
   It greatly protects you from negative energy.
   It lets you turn invisible.
 H - a +1 cloak of magic resistance (worn)
Magical Staves
 J - an uncursed staff of energy (weapon)
Jewellery
 f - an uncursed ring of protection from magic
 l - an amulet of guardian spirit (around neck)
 n - a ring of protection from magic (left hand)
 s - an uncursed amulet of rage
 M - a ring of positive energy (right hand)
Wands
 E - a wand of paralysis (10)
 G - a wand of random effects (17)
 I - a wand of flame (14)
 K - a wand of polymorph (11)
Scrolls
 c - 2 scrolls of noise
 e - 6 scrolls of remove curse
 g - 2 scrolls of amnesia
 k - 2 scrolls of magic mapping
 m - a scroll of fog {unknown}
 q - 2 scrolls of teleportation
 y - 2 scrolls of enchant armour {unknown}
 A - 2 scrolls of blinking {unknown}
 C - a scroll of acquirement {unknown}
 N - 2 scrolls of immolation {unknown}
Potions
 b - 2 potions of brilliance
 h - 2 potions of curing
 i - 4 potions of degeneration
 o - a potion of might
 p - a potion of magic
 u - 2 potions of mutation
 x - 2 potions of ambrosia
 z - a potion of cancellation
 F - a potion of agility
 O - a potion of flight {unknown}
Comestibles
 d - 9 rations


   Skills:
 + Level 1.2 Fighting
 + Level 5.3 Dodging
 + Level 4.4 Stealth
 + Level 14.0 Spellcasting
 + Level 9.7 Conjurations
   Level 1.1 Summonings
 + Level 4.5 Translocations
 + Level 2.7 Fire Magic
 + Level 2.9 Air Magic
 + Level 3.4 Poison Magic
 + Level 0.6 Evocations


You had 28 spell levels left.
You knew the following spells:

 Your Spells              Type           Power        Failure   Level  Hunger
a - Magic Dart            Conj           ####         1%          1    None
b - Blink                 Tloc           N/A          1%          2    None
c - Conjure Flame         Conj/Fire      ######..     1%          3    None
d - Mephitic Cloud        Conj/Pois/Air  #####...     1%          3    None

Your spell library contained the following spells:

 Spells                   Type           Power        Failure   Level  Hunger
 Call Imp                 Summ           ###.....     2%          2    None
 Slow                     Hex            ###.....     4%          2    None


Dungeon Overview and Level Annotations

Branches:
Dungeon (10/15)            Temple (1/1) D:4
   Lair: D:8-11         Orc: D:9-12

Altars:
Ashenzari
Cheibriados
Dithmenos
Elyvilon
Fedhas
Gozag
Hepliaklqana
Kikubaaqudgha
Makhleb
Nemelex Xobeh
Okawaru
Qazlal
Ru
Sif Muna
Trog
Uskayaw
Vehumet
Wu Jian
Xom
Yredelemnul
Zin
The Shining One

Shops:
D:6 *

Annotations:
D:8 exclusion: downstairs
D:9 exclusion: 2 downstairs
D:10 Snorg


Message History

Press: ? - help, Shift-Dir - straight line, f - Snorg
Aim: Snorg (flame, moderately wounded)
The magic dart hits Snorg.
Snorg is heavily wounded.
Snorg is engulfed in blazing flames.
Snorg bites you! Snorg claws you! Snorg closely misses you.
Casting: Magic Dart (safe; 1% risk of failure)
Confirm with . or Enter, or press ? or * to list all spells.
Aiming: Magic Dart (safe; 1% risk of failure)
Press: ? - help, Shift-Dir - straight line, f/p - Snorg
Aim: Snorg (flame, heavily wounded)
The magic dart hits Snorg!
Snorg is severely wounded.
Snorg is engulfed in blazing flames.
Snorg bites you!!
* * * LOW HITPOINT WARNING * * *
Snorg claws you.
* * * LOW HITPOINT WARNING * * *
Snorg claws you.
You die...
Your body crumbles into a pile of gold.

#.##..... #........
#.....### #.#....#
#.#.#..#$ #.#.####
################...#..#
.......§§<[..°$.......#
.......@T............###
#################.......
#....... ##......
#...### #....# #.#..# .
#.#### ... #$#..#$


You could see Snorg.

Vanquished Creatures
  Harold (D:9)
  A two-headed ogre (D:10)
  Pikel (D:7)
  A hornet (D:8)
  Prince Ribbit (D:9)
  A yak (D:10)
  A steam dragon (D:9)
  Menkaure (D:4)
  2 orc warriors
  A water moccasin (D:7)
  Duvessa (D:4)
  A sky beast (D:7)
  3 ice beasts
  A black bear (D:10)
  5 centaurs
  4 ogres
  8 bullfrogs
  A gnoll sergeant (D:10)
  Dowan (D:3)
  A wyvern skeleton (D:8)
  5 scorpions
  A killer bee (D:10)
  3 howler monkeys
  8 crimson imps
  A centaur zombie (D:8)
  3 jellies
  2 hounds
  7 orc wizards
  5 orc priests
  Crazy Yiuf (D:7)
  4 centaur skeletons
  3 iguanas
  3 worker ants
  A hound skeleton (D:4)
  A howler monkey zombie (D:6)
  2 worker ant zombies
  9 gnolls
  A howler monkey skeleton (D:6)
  7 adders
  2 oozes (D:2)
  An adder skeleton (D:8)
  An adder zombie (D:8)
  5 worms
  A dart slug (D:1)
  7 leopard geckos
  41 orcs
  5 giant cockroaches
  4 goblins
  4 hobgoblins
  3 jackals (D:6)
  14 kobolds
  4 quokkas
  3 ball pythons (D:2)
  9 bats
  4 frilled lizards
  A giant cockroach zombie (D:5)
  2 jackal skeletons (D:8)
  3 leopard gecko skeletons
  2 quokka skeletons
  11 rats
231 creatures vanquished.

Vanquished Creatures (others)
  A plant (D:10)
1 creature vanquished.

Grand Total: 232 creatures vanquished

Notes
Turn   | Place    | Note
-------+----------+-------------------------------------------
     0 | D:1      | H0rd4k the Deep Elf Wizard began the quest for the Orb.
     0 | D:1      | Reached XP level 1. HP: 10/10 MP: 7/7
   110 | D:1      | Reached skill level 5 in Spellcasting
   121 | D:1      | Reached XP level 2. HP: 15/15 MP: 2/10
   786 | D:2      | Reached XP level 3. HP: 19/19 MP: 7/12
   795 | D:2      | Found a faded altar of an unknown god.
  1020 | D:2      | Found a sacrificial altar of Ru.
  1172 | D:3      | Learned a level 2 spell: Blink
  1176 | D:3      | Learned a level 3 spell: Conjure Flame
  1180 | D:3      | Learned a level 3 spell: Mephitic Cloud
  1380 | D:2      | Reached skill level 6 in Spellcasting
  1697 | D:2      | Reached XP level 4. HP: 24/24 MP: 6/14
  2115 | D:2      | Reached skill level 7 in Spellcasting
  2115 | D:2      | Reached XP level 5. HP: 28/28 MP: 8/16
  3295 | D:3      | Reached XP level 6. HP: 32/32 MP: 6/18
  3500 | D:4      | Noticed Dowan
  3501 | D:4      | Noticed Duvessa
  4107 | D:4      | Noticed Menkaure
  4149 | D:4      | Found a shattered altar of Ashenzari.
  4271 | D:4      | Reached skill level 8 in Spellcasting
  4294 | D:4      | Found a staircase to the Ecumenical Temple.
  4313 | D:4      | Killed Duvessa
  4313 | D:4      | Reached XP level 7. HP: 33/37 MP: 7/20
  4341 | D:3      | Killed Dowan
  4482 | D:5      | Entered Level 5 of the Dungeon
  5046 | D:5      | Reached skill level 5 in Conjurations
  5046 | D:5      | Reached skill level 1 in Poison Magic
  5076 | D:5      | Reached skill level 9 in Spellcasting
  5104 | D:5      | Found a shimmering blue altar of Sif Muna.
  5174 | D:5      | Reached skill level 1 in Air Magic
  5216 | D:5      | Reached XP level 8. HP: 42/42 MP: 18/23
  6502 | D:6      | Reached skill level 10 in Spellcasting
  6772 | D:6      | Reached skill level 1 in Fighting
  6808 | D:6      | Found Lush's Assorted Antiques.
  6814 | D:6      | Reached skill level 1 in Fire Magic
  6838 | D:6      | Bought a pair of jewelled gloves for 190 gold pieces
  6843 | D:6      | Identified the +2 pair of gloves of Rikluh {rC+ Str-3
                  | Dex+5} (You bought it in a shop on level 6 of the Dungeon)
  7040 | D:6      | Found a shadowy altar of Dithmenos.
  7207 | D:7      | Noticed Pikel
  7213 | D:7      | Killed Pikel
  7213 | D:7      | Reached skill level 11 in Spellcasting
  7213 | D:7      | Reached XP level 9. HP: 42/47 MP: 16/26
  7246 | D:7      | Got a warped ring mail
  7736 | D:7      | Identified the cursed +1 ring mail "Daenaekh" {+Inv rC+
                  | rN++ Dex+4} (You found it on level 7 of the Dungeon)
  7799 | D:7      | Found a runed translucent door.
  7800 | D:7      | Noticed Crazy Yiuf
  7882 | D:7      | Found a white marble altar of Elyvilon.
  8148 | D:7      | Killed Crazy Yiuf
  8278 | D:8      | Reached skill level 5 in Dodging
  8463 | D:8      | Reached skill level 12 in Spellcasting
  8638 | D:8      | Found a basalt altar of Yredelemnul.
  9163 | D:8      | Reached XP level 10. HP: 52/52 MP: 13/28
  9384 | D:4      | Killed Menkaure
  9493 | Temple   | Entered the Ecumenical Temple
  9606 | Temple   | Became a worshipper of Gozag Ym Sagoz the Greedy
  9959 | D:9      | Noticed Prince Ribbit
 10313 | D:9      | Killed Prince Ribbit
 10543 | D:9      | Noticed Harold
 10770 | D:9      | Killed Harold
 10770 | D:9      | Reached skill level 13 in Spellcasting
 11219 | D:10     | Entered Level 10 of the Dungeon
 11278 | D:10     | Found a shimmering altar of Xom.
 11280 | D:10     | Noticed a deep elf mage
 11280 | D:10     | Noticed a centaur warrior
 11385 | D:10     | Noticed a two-headed ogre
 11701 | D:10     | Noticed a tengu warrior
 11916 | D:10     | Killed a two-headed ogre
 12181 | D:10     | Reached skill level 14 in Spellcasting
 12243 | D:10     | Noticed Snorg
 12315 | D:10     | HP: 1/52 [Snorg (5)]
 12315 | D:10     | Slain by Snorg

Levels and vault maps discovered:
D:1:      erik_arrival_triangle_medium, layout_rooms, serial_corexii_hall,
          corexii_hall_statues_t, chequers_hall_statues_wall_a,
          corexii_hall_statues_deadend, chequers_hall_statues_corner_a,
          corexii_hall_statues_l, corexii_hall_statues_i
D:2:      layout_loops_corners, nicolae_ru_great_annihilating_truth,
          chequers_ecumenical_altar_simple, mrwooster_statue_mirror
D:3:      layout_loops_cross
D:4:      layout_cave_pools, kennysheep_little_box, minmay_temple_entry_mist,
          first_ration, minmay_goblin_kobold_house, uniq_duvessa, uniq_menkaure
D:5:      layout_basic, kennysheep_mini_moat
D:6:      layout_basic, marbit_many_paths, serial_shops, nicolae_shop_stone,
          minmay_fractal_squares_gapless_5
D:7:      layout_gridville, overflow_temple_1_default, uniq_pikel,
          uniq_crazy_yiuf_cottage
D:8:      layout_basic, lemuel_round_altar
D:9:      layout_rooms, uniq_harold, uniq_prince_ribbit1
D:10:     hangedman_cross_cluster, layout_long_grid, orc_0_dummy, special_room
          [special_room_bee], grunt_tengu_nest, hangedman_decor_growths,
          chequers_serial_rivers_room_b, uniq_sonja, uniq_snorg
Temple:   nicolae_temple_elliptical

Skill      XL: |  1  2  3  4  5  6  7  8  9 10 |
---------------+-------------------------------+-----
Spellcasting   | 5 6 7 8 9 11 12 14 | 14.0
Stealth        | 3 4 |  4.4
Conjurations   | 3 4 5 6 8 9 |  9.7
Dodging        | 3 4 5 |  5.3
Translocations | 2 3 4 |  4.5
Poison Magic   | 1 3 |  3.4
Air Magic      | 1 2 |  2.9
Fighting       | 1 |  1.2
Fire Magic     | 1 2 |  2.7
Summonings     | |  1.1
Evocations     | |  0.6

Action                   |  1- 3 |  4- 6 |  7- 9 | 10-12 || total
-------------------------+-------+-------+-------+-------++-------
Melee: Dagger            |       |       |     1 |       ||     1
 Cast: Magic Dart        |   104 |   142 |   296 |   192 ||   734
       Conjure Flame     |     1 |    11 |    36 |    20 ||    68
       Mephitic Cloud    |     1 |     7 |    26 |    18 ||    52
       Blink             |       |    10 |    15 |    14 ||    39
Evoke: Wand              |       |       |       |     3 ||     3
  Use: Scroll            |       |       |    13 |     2 ||    15
 Stab: Sleeping          |       |       |     1 |       ||     1
  Eat: Chunk             |     1 |     5 |    10 |       ||    16
       Ration            |       |     1 |     2 |     3 ||     6
Armor: Robe              |     2 |     4 |    17 |    15 ||    38
Dodge: Dodged            |    10 |    31 |    75 |    64 ||   180
